 Dungeon Crawl Stone Soup version 0.30-a0-824-g6c64550be9 (webtiles) character file.

Game seed: 18293148397619339738

71 qeuew the Slasher (level 4, 0/35 HPs)
             Began as a Demonspawn Monk on Feb 27, 2023.
             Slain by a goblin
             ... wielding a +0 club
             ... led by Robin
              (2 damage)
             ... on level 2 of the Dungeon.
             The game lasted 00:01:23 (1369 turns).

qeuew the Slasher (Demonspawn Monk)                 Turns: 1369, Time: 00:01:24

Health: 0/35       AC:  5    Str: 11    XL:     4   Next: 5%
Magic:  4/4        EV: 13    Int: 12    God:
Gold:   83         SH:  0    Dex: 17    Spells: 3/3 levels left

rFire   . . .      SeeInvis .    a - +0 falchion
rCold   . . .      Faith    .    (no shield)
rNeg    . . .      Spirit   .    b - +0 robe
rPois   .          Reflect  .    (helmet restricted)
rElec   .          Harm     .    (no cloak)
rCorr   .          Rampage  .    (no gloves)
Will    .....                    (no boots)
Stlth   ++                       (no amulet)
HPRegen 0.25/turn                (no ring)
MPRegen 0.09/turn                (no ring)

@: no status effects
A: antennae 1, slimy green scales 2
a: no special abilities


You were on level 2 of the Dungeon.
You visited 1 branch of the dungeon, and saw 2 of its levels.

You collected 83 gold pieces.

Inventory:

Hand Weapons
 a - a +0 falchion (weapon)
Armour
 b - a +0 robe (worn)
Scrolls
 d - a scroll of identify {unknown}
 e - a scroll of teleportation {unknown}
Potions
 c - a potion of ambrosia


   Skills:
 + Level 3.3 Fighting
 * Level 3.4 Long Blades
 * Level 1.6 Armour
 + Level 3.0 Dodging
 - Level 1.7 Stealth


You had 3 spell levels left.
You didn't know any spells.
Your spell library was empty.

Dungeon Overview and Level Annotations

Branches:
Dungeon (2/15)

Altars:

Shops:
D:1 *

Annotations:
D:2 Robin


Innate Abilities, Weirdness & Mutations

You have a pair of small antennae on your head.
You are mostly covered in slimy green scales. (AC +3)


Message History

The goblin hits you but does no damage. x2
You are too injured to fight recklessly!
You are too injured to fight recklessly!
You are too injured to fight recklessly!
You are too injured to fight recklessly!
You are too injured to fight recklessly!
You are too injured to fight recklessly!
You are too injured to fight recklessly!
You are too injured to fight recklessly!
You are too injured to fight recklessly!
You are too injured to fight recklessly!
You are too injured to fight recklessly!
You are too injured to fight recklessly!
Unknown command.
You closely miss the hobgoblin. The goblin hits you but does no damage.
The goblin barely misses you. The hobgoblin barely misses you.
The rat closely misses you. The goblin completely misses you.
The goblin barely misses you.
You barely miss the hobgoblin. The goblin misses you.
The goblin hits you with a +0 club. The hobgoblin closely misses you.
The rat bites you.
* * * LOW HITPOINT WARNING * * *
The goblin closely misses you. The goblin barely misses you.
You barely miss the hobgoblin. The goblin barely misses you. x2
The hobgoblin hits you.
* * * LOW HITPOINT WARNING * * *
The goblin closely misses you. The goblin hits you with a +0 club.
* * * LOW HITPOINT WARNING * * *
The rat misses you.
You slash the hobgoblin!
You kill the hobgoblin!
The goblin closely misses you. Robin throws the goblin at you!
The goblin hits you but does no damage. The goblin hits you with a +0 club.
* * * LOW HITPOINT WARNING * * *
The goblin hits you with a +0 club.
* * * LOW HITPOINT WARNING * * *
The rat misses you. The goblin misses you.
You barely miss the goblin. The goblin misses you.
The goblin closely misses you. The goblin hits you with a +0 club.
You die...

# #.# #.##.#
####.# #.#.#. ###
....#. ...# # ..#
####.# ### ### #.#
# .. #.# #.###.
###.##
.B#.#####....# #
##.#g#g#g##...##)#
###
#>..Sgg@g...####.#
..## ##.#g#g#r#.##
#.# #..## .gg{...#
#.# #.#.#
#.#.#.### #.#
#..## ........ #.#
..## #.#.#.#.# #.#
#.# .......... #.#
#.# .#.#.#.#.#
#####.# #.# #.#
#.....#


You could see Robin, a giant cockroach, 3 hobgoblins, 6 goblins, a ball python
and a rat.

Vanquished Creatures
  3 adders (D:2)
  A worm (D:2)
  A dart slug (D:1)
  3 ball pythons (D:1)
  4 bats (D:1)
  5 endoplasms (D:1)
  2 giant cockroaches (D:1)
  3 hobgoblins
  2 jackals (D:2)
  A quokka (D:1)
  4 frilled lizards
  4 goblins
  3 kobolds
  2 rats (D:1)
38 creatures vanquished.

Notes
Turn   | Place    | Note
-------+----------+-------------------------------------------
     0 | D:1      | qeuew the Demonspawn Monk began the quest for the Orb.
     0 | D:1      | Reached XP level 1. HP: 18/18 MP: 1/1
   197 | D:1      | Gained mutation: You are partially covered in slimy green
                  | scales. (AC +2) [demonic ancestry]
   197 | D:1      | Reached XP level 2. HP: 24/24 MP: 2/2
   357 | D:1      | Reached skill level 1 in Armour
   532 | D:1      | Found Peovvagot's General Store.
   633 | D:1      | Gained mutation: You are mostly covered in slimy green
                  | scales. (AC +3) [demonic ancestry]
   633 | D:1      | Reached XP level 3. HP: 29/29 MP: 3/3
  1210 | D:2      | Gained mutation: You have a pair of small antennae on your
                  | head. [demonic ancestry]
  1210 | D:2      | Reached XP level 4. HP: 23/35 MP: 4/4
  1357 | D:2      | Noticed Robin
  1368 | D:2      | HP: 1/35 [goblin/+0 club[Robin] (2)]
  1369 | D:2      | Slain by a goblin

Illustrated notes

Levels and vault maps discovered:
D:1:      roderic_chinese_lattice_arrival, layout_basic, serial_shops,
          nicolae_diamond_shop, nrook_mini_vaults
D:2:      layout_loops_ring, basic_altar, supply_closet_lemuel, st_stairs_9,
          uniq_robin

Skill      XL: |  1  2  3 |
---------------+----------+-----
Long Blades    | 3 |  3.4
Armour         | 1 |  1.6
Dodging        | 3 |  3.0
Fighting       | |  3.3
Stealth        | |  1.7

Action                     |  1- 3 |  4- 6 || total
---------------------------+-------+-------++-------
  Melee: Falchion          |   148 |    10 ||   158
         Punch             |     1 |       ||     1
    Use: Scroll            |     3 |       ||     3
         Potion            |     2 |       ||     2
   Stab: Sleeping          |     5 |       ||     5
 Armour: Robe              |    51 |     7 ||    58
  Dodge: Dodged            |   137 |    32 ||   169

Table legend: (Time is in decaauts)
 A = Elapsed time spent in this place.
 B = Non-inter-level travel time spent in this place.
 C = Inter-level travel time spent in this place.
 D = Time resting spent in this place.
 E = Time spent auto-exploring this place.
 F = Levels seen in this place.
 G = Mean time per level.
                   A        B        C        D        E       F      G
               +--------+--------+--------+--------+--------+-----+--------+
         Total |   1392 |   1368 |     24 |      0 |   1034 |   2 |  696.0 |
       Dungeon |   1392 |   1368 |     24 |      0 |   1034 |   2 |  696.0 |
               +--------+--------+--------+--------+--------+-----+--------+

Top non-repeatable levels by time:
     D:1: 784 daAuts
     D:2: 608 daAuts
